 Dungeon Sprint DCSS version 0.14-a0-2964-g8dc6adb (webtiles) character file.

51676 BluebellGnoll the Ninja (level 14, -3/59 HPs)
             Began as a Spriggan Enchanter on Mar 4, 2014.
             Was the Champion of Sif Muna.
             Killed by mirror damage (39 damage)
             ... in the Dungeon (Sprint VII: "The Pits") on Mar 5, 2014.
             The game lasted 01:28:52 (6386 turns).

BluebellGnoll the Ninja (Spriggan Enchanter)        Turns: 6386, Time: 01:28:53

HP  -3/59        AC  7     Str  4      XL: 14   Next: 24%
MP   5/40        EV 38     Int 28      God: Sif Muna [******]
Gold 57          SH  0     Dex 16      Spells: 12 memorised,  0 levels left

rFire  . . .     SeeInvis +     r - +1,+2 dagger (elec)
rCold  . . .     Clarity  .     z - +2 robe {MR+}
rNeg   . . .     Conserve .     (shield restricted)
rPois  .         rCorr    .     (helmet restricted)
rElec  .         rRot     .     k - +2 cloak
SustAb . .       Spirit   .     (gloves unavailable)
rMut   .         Warding  .     (boots unavailable)
Saprov . . .     NoTele   +     (no amulet)
MR     +++..                    w - +3 ring of intelligence
                                v - +3 ring of intelligence

@: invisible, very slightly contaminated, very quick, extremely resistant to
hostile enchantments, uncannily stealthy
A: unfitting armour, see invisible, herbivore 3, speed 3, slow metabolism 2
a: Channel Energy, Forget Spell, Renounce Religion


You were in the Dungeon.
You worshipped Sif Muna.
Sif Muna was exalted by your worship.
You were not hungry.

You visited 1 branch You collected 57 gold pieces.

Inventory:

Hand weapons
 d - the +5,+10 captain's cutlass {speed}
   (You found it in the Dungeon)

   Attacks with this weapon are significantly faster.
 l - a +5,+5 quick blade
 r - a +1,+2 dagger of electrocution (weapon)
 y - a +4,+4 cutlass of draining
Armour
 k - a +2 cloak (worn)
 z - a +2 robe of magic resistance (worn)
 A - a +2 robe of positive energy
Comestibles
 c - 2 bread rations
Scrolls
 m - a scroll of vulnerability
 n - 3 scrolls of remove curse
 E - a scroll of identify
 H - a scroll of fog
Jewellery
 v - a +3 ring of intelligence (left hand)
 w - a +3 ring of intelligence (right hand)
 B - an uncursed ring of poison resistance
 F - an uncursed ring of sustain abilities
Potions
 f - 3 potions of curing
 g - a potion of heal wounds
 h - 2 potions of speed
 i - 2 potions of magic
 j - a potion of berserk rage
 x - a potion of resistance
Books
 a - Sif Muna's Disquisition on Malediction
   (Sif Muna gifted it to you in the Dungeon)

   Spells                             Type                      Level
   Confusing Touch                    Hexes                        1
   Fulminant Prism                    Conjuration/Hexes            4
   Darkness                           Hexes                        7
   Discord                            Hexes                        8
 b - a book of Conjurations

   Spells                             Type                      Level
   *Magic Dart                        Conjuration                  1
   Searing Ray                        Conjuration                  2
   Dazzling Spray                     Conjuration/Hexes            3
   Fulminant Prism                    Conjuration/Hexes            4
   *Iskenderun's Mystic Blast         Conjuration                  4
   *Iskenderun's Battlesphere         Conjuration/Charms           5
 e - Sif Muna's Sophisticated Spellcraft
   (Sif Muna gifted it to you in the Dungeon)

   Spells                             Type                      Level
   Deflect Missiles                   Charms/Air                   6
   Iron Shot                          Conjuration/Earth            6
   Poison Arrow                       Conjuration/Poison           6
   Freezing Cloud                     Conjuration/Ice/Air          6
   Death Channel                      Necromancy                   6
   Mass Abjuration                    Summoning                    6
Miscellaneous
 G - a plain deck of changes


   Skills:
 * Level 13.9 Short Blades
 - Level 1.1 Throwing
 O Level 27 Dodging
 O Level 27 Stealth
 - Level 17.9 Spellcasting
 - Level 12.4 Conjurations
 - Level 12.9 Hexes


You couldn't memorise any spells.
You knew the following spells:

 Your Spells              Type           Power        Failure   Level  Hunger
a - Magic Dart            Conj           ####         0%          1    None
b - Ensorcelled Hibernat  Hex/Ice        ######       1%          2    None
c - Confuse               Hex            #######.     1%          3    None
d - Conjure Flame         Conj/Fire      ######..     1%          3    None
e - Enslavement           Hex            #######.     1%          4    None
f - Invisibility          Hex            #######.     1%          6    ##.....
g - Mass Confusion        Hex            #######...   1%          6    ##.....
h - Metabolic Englaciati  Hex/Ice        ######....   4%          5    None
i - Fireball              Conj/Fire      ######....   4%          5    None
j - Iskenderun's Battles  Conj/Chrm      ######..     4%          5    None
k - Iskenderun's Mystic   Conj           #######.     1%          4    None
l - Sticky Flame          Conj/Fire      ######..     1%          4    None


Dungeon Overview and Level Annotations

Branches:
Dungeon (1/1)

Altars:
Ashenzari
Cheibriados
Dithmenos
Elyvilon
Fedhas
Kikubaaqudgha
Makhleb
Nemelex Xobeh
Okawaru
Sif Muna
Trog
Vehumet
Xom
Yredelemnul
Zin
The Shining One
Beogh
Jiyva
Lugonu

Annotations:
D Maud


Innate Abilities, Weirdness & Mutations

You are tiny and cannot use many weapons and most armour.
You have supernaturally acute eyesight.
You are a herbivore.
You cover ground extremely quickly.
You need consume almost no food.


Message History

The deep dwarf death knight hits you with a battleaxe!
* * * LOW HITPOINT WARNING * * *
Drink which item? (? for menu, Esc to quit)
You feel much better.
The deep dwarf death knight burns!
Your damage is reflected back at you!
Read which item? (? for menu, Esc to quit)
Okay, then.
Drink which item? (? for menu, Esc to quit)
You fade into invisibility!
The deep dwarf death knight burns!
Your damage is reflected back at you!
The sixfirhy completely misses you.
The deep dwarf death knight completely misses you.
The sixfirhy closely misses you.
The hell hound bites something!
You catch the helpless deep dwarf death knight completely off-guard!
You slice the deep dwarf death knight like a ripe choko!!!
There is a sudden explosion of sparks!
You kill the deep dwarf death knight!
Your damage is reflected back at you!
Ouch! That really hurt!
You die...

######################
#....................+
#....)...............+
#.)###@############..#
#..##.#%#@# #..# #..#3#.#4#)#
#..# #..##:#O#[#h# #..#
#..#.#h#.#.#h# #..# #..##.#
#h#)#h# #..#
#..################..#
########....................#
______##....................
_.____###########''######


You could see a sixfirhy, 3 hell hounds, an ogre and a jackal (confused).

Vanquished Creatures
  A deep elf blademaster (D)
  2 sphinxes (D)
  A fire giant (D)
  3 deep elf sorcerers (D)
  2 orc warlords (D)
  A spriggan defender (D)
  A deep elf demonologist (D)
  An ophan (D)
  A white draconian (D)
  A grey draconian (D)
  A minotaur (D)
  2 yaktaur captains (D)
  A deep elf annihilator (D)
  2 death cobs (D)
  A naga warrior (D)
  A black draconian (D)
  An ogre mage (D)
  5 death yaks (D)
  A deep dwarf death knight (D)
  A mottled draconian (D)
  A vampire mage (D)
  A spriggan druid (D)
  2 alligator snapping turtles (D)
  An unseen horror (D)
  A catoblepas (D)
  A shadow wraith (D)
  A sea snake (D)
  A deep troll (D)
  A flayed ghost (D)
  Erolcha (D)
  2 deep elf knights (D)
  12 orc knights (D)
  Pikel (D)
  A lindwurm (D)
  3 harpies (D)
  A hill giant (D)
  A red wasp (D)
  A cyclops (D)
  A manticore (D)
  A guardian serpent (D)
  2 naga magi (D)
  A sixfirhy (D)
  A spiny frog (D)
  A hellwing (D)
  3 yaktaurs (D)
  3 freezing wraiths (D)
  A red devil (D)
  A jumping spider (D)
  2 blue devils (D)
  A basilisk (D)
  A grizzly bear (D)
  7 ugly things (D)
  A shadow (D)
  A ynoxinul (D)
  A water elemental (D)
  3 vampire mosquitoes (D)
  A gargoyle (D)
  2 wolves (D)
  A neqoxec (D)
  A soldier ant (D)
  2 nagas (D)
  A yellow wasp (D)
  2 sky beasts (D)
  A swamp drake (D)
  2 orc warriors (D)
  An ogre (D)
  4 slaves (D)
  2 crocodiles (D)
  2 wargs (D)
  A centaur (D)
  A giant slug (D)
  2 giant frogs (D)
  A gnoll sergeant (D)
  An earth elemental (D)
  2 killer bees (D)
  7 wights (D)
  A goliath beetle (D)
  A pulsating lump (D)
  Crazy Yiuf (D)
  An iguana (D)
  An adder (D)
  4 gnolls (D)
  2 giant mites (D)
  2 orcs (D)
  2 giant cockroaches (D)
  A goblin (D)
  2 jackals (D)
  A ball python (D)
  A bat (D)
  A giant cockroach zombie (D)
  A giant gecko zombie (D)
  A giant newt (D)
  A giant newt zombie (D)
156 creatures vanquished.

Vanquished Creatures (others)
  A red devil (D)
  A kobold demonologist (D)
  A jackal (D)
3 creatures vanquished.

Grand Total: 159 creatures vanquished

Notes
Turn   | Place    | Note
--------------------------------------------------------------
     0 | D        | BluebellGnoll, the Spriggan Enchanter, began the quest for the Orb.
     0 | D        | Reached XP level 1. HP: 9/9 MP: 4/4
    11 | D        | Reached skill level 4 in Stealth
    30 | D        | Found a shadowy altar of Dithmenos.
    30 | D        | Found a basalt altar of Yredelemnul.
    30 | D        | Found a glowing golden altar of the Shining One.
    30 | D        | Found a deep blue altar of Sif Muna.
    30 | D        | Found a burning altar of Makhleb.
    30 | D        | Found an ancient bone altar of Kikubaaqudgha.
    30 | D        | Found a glowing silver altar of Zin.
    31 | D        | Found a bloodstained altar of Trog.
    31 | D        | Found a shattered altar of Ashenzari.
    31 | D        | Found a white marble altar of Elyvilon.
    31 | D        | Found a snail-covered altar of Cheibriados.
    31 | D        | Found a blossoming altar of Fedhas.
    31 | D        | Found a radiant altar of Vehumet.
    31 | D        | Found a shimmering altar of Xom.
    31 | D        | Found a sparkling altar of Nemelex Xobeh.
    31 | D        | Found a corrupted altar of Lugonu.
    31 | D        | Found a viscous altar of Jiyva.
    31 | D        | Found a roughly hewn altar of Beogh.
    31 | D        | Found an iron altar of Okawaru.
    34 | D        | Became a worshipper of Sif Muna the Loreminder
    53 | D        | Reached skill level 5 in Stealth
    55 | D        | Reached skill level 7 in Stealth
    55 | D        | Reached XP level 2. HP: 13/13 MP: 7/7
    59 | D        | Learned a level 2 spell: Ensorcelled Hibernation
    95 | D        | Noticed a wolf
    98 | D        | Killed a wolf
    98 | D        | Acquired Sif Muna's first power
    98 | D        | Acquired Sif Muna's second power
    98 | D        | Reached skill level 9 in Hexes
    98 | D        | Reached XP level 3. HP: 16/16 MP: 7/17
    98 | D        | Reached XP level 4. HP: 21/21 MP: 8/20
    98 | D        | Reached XP level 5. HP: 24/24 MP: 8/22
   109 | D        | Learned a level 3 spell: Confuse
   112 | D        | Learned a level 2 spell: Sure Blade
   117 | D        | Learned a level 4 spell: Enslavement
   226 | D        | Noticed a wight
   226 | D        | Noticed a wight
   226 | D        | Noticed a wight
   226 | D        | Noticed a sky beast
   226 | D        | Noticed a sky beast
   229 | D        | Killed a wight
   229 | D        | Reached skill level 10 in Stealth
   230 | D        | Noticed a warg
   230 | D        | Noticed a giant frog
   231 | D        | Killed a wight
   231 | D        | Reached skill level 12 in Stealth
   243 | D        | Killed a wight
   243 | D        | Reached skill level 13 in Stealth
   243 | D        | Reached XP level 6. HP: 28/28 MP: 20/24
   248 | D        | Killed a giant frog
   248 | D        | Reached skill level 14 in Stealth
   253 | D        | Reached skill level 15 in Stealth
   387 | D        | Killed a sky beast
   387 | D        | Reached skill level 16 in Stealth
   388 | D        | Killed a warg
   388 | D        | Reached skill level 17 in Stealth
   388 | D        | Reached XP level 7. HP: 22/32 MP: 16/25
   403 | D        | Killed a sky beast
   403 | D        | Reached skill level 18 in Stealth
   493 | D        | Learned a level 6 spell: Invisibility
   507 | D        | Noticed a basilisk
   509 | D        | Killed a basilisk
   509 | D        | Reached skill level 10 in Hexes
   511 | D        | Noticed Crazy Yiuf
   511 | D        | Noticed a gnoll sergeant
   515 | D        | Acquired Sif Muna's third power
   522 | D        | Killed Crazy Yiuf
   528 | D        | Killed a gnoll sergeant
   555 | D        | Noticed a wolf
   555 | D        | Noticed a manticore
   556 | D        | Noticed a freezing wraith
   561 | D        | Killed a wolf
   561 | D        | Reached skill level 10 in Spellcasting
   561 | D        | Reached XP level 8. HP: 24/36 MP: 23/29
   662 | D        | Killed a manticore
  1172 | D        | Killed a freezing wraith
  1172 | D        | Received a gift from Sif Muna
  1173 | D        | Identified Sif Muna's Handbook of Hexes (Sif Muna gifted it to you in the Dungeon)
  1181 | D        | Learned a level 6 spell: Mass Confusion
  1210 | D        | Learned a level 5 spell: Metabolic Englaciation
  1412 | D        | Noticed a slave
  1416 | D        | Noticed Pikel
  1416 | D        | Noticed a slave
  1416 | D        | Noticed a slave
  1416 | D        | Noticed a red devil
  1417 | D        | Noticed a goliath beetle
  1418 | D        | Killed a slave
  1421 | D        | Killed a slave
  1423 | D        | Killed Pikel
  1423 | D        | Reached XP level 9. HP: 39/39 MP: 25/32
  1424 | D        | Noticed a freed slave
  1426 | D        | Killed a goliath beetle
  1426 | D        | Reached skill level 10 in Dodging
  1434 | D        | Killed a kobold demonologist
  1436 | D        | Noticed a blue devil
  1440 | D        | Killed a red devil
  1446 | D        | Killed a blue devil
  1452 | D        | Noticed a freezing wraith
  1466 | D        | Killed a freezing wraith
  1480 | D        | Killed a freed slave
  1497 | D        | Killed a freed slave
  1612 | D        | Noticed a brown ugly thing
  1612 | D        | Noticed a crocodile
  1616 | D        | Killed a brown ugly thing
  1620 | D        | Killed a crocodile
  1633 | D        | Noticed an iguana
  1641 | D        | Killed an iguana
  1645 | D        | Noticed a sea snake
  1646 | D        | Noticed Erolcha
  1648 | D        | Killed a sea snake
  1649 | D        | Killed Erolcha
  1663 | D        | Noticed a wight
  1663 | D        | Noticed a wight
  1663 | D        | Noticed a wight
  1663 | D        | Noticed a wight
  1663 | D        | Noticed a killer bee
  1663 | D        | Noticed a killer bee
  1665 | D        | Killed a wight
  1666 | D        | Killed a killer bee
  1667 | D        | Killed a wight
  1667 | D        | Reached XP level 10. HP: 44/44 MP: 33/33
  1669 | D        | Killed a killer bee
  1670 | D        | Killed a wight
  1676 | D        | Killed a wight
  1801 | D        | Noticed a giant frog
  1801 | D        | Noticed a deep troll
  1804 | D        | Killed a giant frog
  1829 | D        | Killed a deep troll
  1829 | D        | Reached skill level 19 in Dodging
  2054 | D        | Noticed a yellow wasp
  2054 | D        | Noticed a grizzly bear
  2054 | D        | Noticed a pulsating lump
  2056 | D        | Killed a yellow wasp
  2058 | D        | Killed a grizzly bear
  2060 | D        | Killed a pulsating lump
  2062 | D        | Noticed a death yak
  2062 | D        | Noticed an unseen horror
  2065 | D        | Killed a death yak
  2067 | D        | Killed an unseen horror
  2067 | D        | Reached skill level 5 in Short Blades
  2067 | D        | Reached skill level 20 in Stealth
  2069 | D        | Noticed an orc warrior
  2069 | D        | Noticed a harpy
  2069 | D        | Noticed a harpy
  2070 | D        | Noticed an orc knight
  2070 | D        | Noticed an orc warrior
  2070 | D        | Noticed an ogre
  2070 | D        | Noticed a lindwurm
  2070 | D        | Noticed a harpy
  2072 | D        | Killed a harpy
  2073 | D        | Killed a harpy
  2075 | D        | Killed a harpy
  2075 | D        | Reached skill level 21 in Stealth
  2076 | D        | Killed an orc warrior
  2078 | D        | Killed a lindwurm
  2078 | D        | Reached XP level 11. HP: 47/47 MP: 29/34
  2080 | D        | Killed an ogre
  2080 | D        | Reached skill level 22 in Stealth
  2082 | D        | Killed an orc warrior
  2084 | D        | Killed an orc knight
  2089 | D        | Noticed a warg
  2089 | D        | Noticed a centaur
  2089 | D        | Noticed a death yak
  2089 | D        | Noticed a death yak
  2091 | D        | Noticed a jumping spider
  2091 | D        | Noticed a death yak
  2091 | D        | Noticed a death yak
  2091 | D        | Noticed a gargoyle
  2092 | D        | Killed a warg
  2097 | D        | Noticed a water elemental
  2097 | D        | Noticed a spiny frog
  2097 | D        | Noticed a red devil
  2098 | D        | Killed a centaur
  2099 | D        | Noticed a ynoxinul
  2102 | D        | Killed a death yak
  2102 | D        | Reached skill level 23 in Stealth
  2104 | D        | Killed a spiny frog
  2107 | D        | Killed a ynoxinul
  2112 | D        | Killed a gargoyle
  2161 | D        | Learned a level 4 spell: Cause Fear
  2306 | D        | Killed a jumping spider
  2322 | D        | Noticed a cyclops
  2323 | D        | Killed a red devil
  2328 | D        | Killed a cyclops
  2328 | D        | Reached skill level 24 in Stealth
  2336 | D        | Killed a water elemental
  2446 | D        | Killed a death yak
  2451 | D        | Killed a death yak
  2451 | D        | Reached skill level 10 in Short Blades
  2451 | D        | Reached skill level 25 in Stealth
  2458 | D        | Killed a death yak
  2708 | D        | Learned a level 5 spell: Fireball
  2735 | D        | Noticed a hill giant
  2741 | D        | Noticed a neqoxec
  2746 | D        | Killed a hill giant
  2746 | D        | Reached skill level 1 in Conjurations
  2748 | D        | Killed a neqoxec
  2753 | D        | Noticed a hellwing
  2753 | D        | Noticed a soldier ant
  2753 | D        | Noticed a freezing wraith
  2756 | D        | Killed a freezing wraith
  2759 | D        | Killed a soldier ant
  2762 | D        | Killed a hellwing
  2764 | D        | Noticed a vampire mosquito
  2764 | D        | Noticed a vampire mosquito
  2765 | D        | Noticed a spriggan druid
  2766 | D        | Noticed a vampire mosquito
  2770 | D        | Noticed a red wasp
  2770 | D        | Noticed a giant slug
  2772 | D        | Noticed a crocodile
  2772 | D        | Noticed a swamp drake
  2773 | D        | Noticed an alligator snapping turtle
  2783 | D        | Killed a vampire mosquito
  2801 | D        | Killed a spriggan druid
  2808 | D        | Killed a vampire mosquito
  2951 | D        | Killed a red wasp
  2951 | D        | Received a gift from Sif Muna
  2952 | D        | Identified Sif Muna's Disquisition on Malediction (Sif Muna gifted it to you in the Dungeon)
  2960 | D        | Killed a giant slug
  3131 | D        | Killed an alligator snapping turtle
  3131 | D        | Reached XP level 12. HP: 39/51 MP: 16/36
  3218 | D        | Killed a vampire mosquito
  3242 | D        | Killed a swamp drake
  3254 | D        | Noticed a catoblepas
  3260 | D        | Noticed a shadow wraith
  3272 | D        | Killed a shadow wraith
  3272 | D        | Reached skill level 5 in Conjurations
  3277 | D        | Killed a crocodile
  3289 | D        | Killed a catoblepas
  3289 | D        | Received a gift from Sif Muna
  3318 | D        | Noticed a flayed ghost
  3318 | D        | Noticed a shadow
  3321 | D        | Killed a flayed ghost
  3327 | D        | Killed a shadow
  3559 | D        | Learned a level 5 spell: Iskenderun's Battlesphere
  3564 | D        | Learned a level 1 spell: Magic Dart
  3645 | D        | Noticed a sphinx
  3650 | D        | Noticed a sphinx
  3651 | D        | Killed a sphinx
  3653 | D        | Noticed an ogre mage
  3654 | D        | Noticed a deep elf sorcerer
  3655 | D        | Noticed a deep elf demonologist
  3655 | D        | Noticed a grey draconian
  3656 | D        | Killed an ogre mage
  3657 | D        | Noticed a naga mage
  3657 | D        | Noticed a naga mage
  3657 | D        | Noticed a vampire mage
  3658 | D        | Noticed a black draconian
  3658 | D        | Noticed a deep elf annihilator
  3658 | D        | Noticed a mottled draconian
  3663 | D        | Noticed a deep elf sorcerer
  3664 | D        | Noticed a red draconian knight
  3665 | D        | Noticed a sphinx
  3699 | D        | Killed a deep elf sorcerer
  3699 | D        | Received a gift from Sif Muna
  3699 | D        | Reached skill level 10 in Conjurations
  3847 | D        | Killed a deep elf sorcerer
  4034 | D        | Killed a vampire mage
  4034 | D        | Received a gift from Sif Muna
  4035 | D        | Identified Sif Muna's Incunabulum of Enchantment (Sif Muna gifted it to you in the Dungeon)
  4171 | D        | Upgraded the game from 0.14-a0-2950-gbe29d66 to 0.14-a0-2964-g8dc6adb
  4192 | D        | Killed a naga mage
  4314 | D        | Killed a deep elf demonologist
  4314 | D        | Reached skill level 15 in Spellcasting
  4327 | D        | Noticed a deep elf annihilator
  4334 | D        | Killed a mottled draconian
  4345 | D        | Killed a deep elf annihilator
  4551 | D        | Killed a grey draconian
  4551 | D        | Received a gift from Sif Muna
  4554 | D        | Identified Sif Muna's Sophisticated Spellcraft (Sif Muna gifted it to you in the Dungeon)
  4604 | D        | Killed a sphinx
  4604 | D        | Reached skill level 26 in Stealth
  4604 | D        | Reached XP level 13. HP: 44/55 MP: 11/38
  4720 | D        | Learned a level 3 spell: Conjure Flame
  4764 | D        | Killed a black draconian
  4873 | D        | Noticed a red ugly thing
  4873 | D        | Noticed a red ugly thing
  4873 | D        | Noticed a red ugly thing
  4873 | D        | Noticed a death cob
  4873 | D        | Noticed an orc knight
  4874 | D        | Noticed a red ugly thing
  4874 | D        | Noticed a red ugly thing
  4874 | D        | Noticed a red ugly thing
  4874 | D        | Noticed an orc knight
  4874 | D        | Noticed an orc knight
  4874 | D        | Noticed an orc knight
  4874 | D        | Noticed an orc knight
  4874 | D        | Noticed an orc warlord
  4874 | D        | Noticed an orc warlord
  4875 | D        | Killed a red ugly thing
  4876 | D        | Killed a red ugly thing
  4877 | D        | Noticed an orc knight
  4877 | D        | Noticed an orc knight
  4878 | D        | Noticed an orc knight
  4879 | D        | Killed a red ugly thing
  4880 | D        | Killed a red ugly thing
  4882 | D        | Killed a red ugly thing
  4885 | D        | Killed a death cob
  4886 | D        | Noticed a yaktaur
  4887 | D        | Killed a red ugly thing
  4888 | D        | Noticed an orc knight
  4888 | D        | Noticed a yaktaur
  4888 | D        | Noticed a yaktaur
  4889 | D        | Noticed an orc knight
  4889 | D        | Noticed an earth elemental
  4889 | D        | Noticed a yaktaur captain
  4890 | D        | Killed an orc knight
  4890 | D        | Reached skill level 27 in Stealth
  4891 | D        | Killed an orc knight
  4892 | D        | Killed an orc knight
  4893 | D        | Noticed an alligator snapping turtle
  4894 | D        | Killed an orc warlord
  4895 | D        | Killed an orc warlord
  4896 | D        | Killed an orc knight
  4897 | D        | Noticed a yaktaur captain
  4898 | D        | Killed an orc knight
  4899 | D        | Killed an orc knight
  4900 | D        | Killed an orc knight
  4901 | D        | Killed an orc knight
  4902 | D        | Noticed a deep elf knight
  4903 | D        | Noticed a spriggan defender
  4905 | D        | Noticed a deep elf knight
  4905 | D        | Noticed an orc knight
  4906 | D        | Killed an alligator snapping turtle
  4907 | D        | Killed a yaktaur captain
  4944 | D        | Killed a spriggan defender
  5113 | D        | Killed a deep elf knight
  5146 | D        | Killed an orc knight
  5190 | D        | Killed a yaktaur captain
  5192 | D        | Killed a yaktaur
  5193 | D        | Killed a yaktaur
  5202 | D        | Killed a yaktaur
  5216 | D        | Killed a deep elf knight
  5228 | D        | Noticed an ophan
  5230 | D        | Noticed a deep elf knight
  5234 | D        | Killed an orc knight
  5384 | D        | Learned a level 4 spell: Iskenderun's Mystic Blast
  5400 | D        | Noticed a white draconian
  5412 | D        | Killed a white draconian
  5635 | D        | Killed an orc knight
  5637 | D        | Killed an ophan
  5800 | D        | Noticed a deep elf blademaster
  5801 | D        | Noticed a naga warrior
  5809 | D        | Killed a naga warrior
  5813 | D        | Killed a deep elf blademaster
  5813 | D        | Received a gift from Sif Muna
  5813 | D        | Reached XP level 14. HP: 26/59 MP: 29/40
  5816 | D        | Killed an earth elemental
  5819 | D        | Identified Sif Muna's Almanac of Excruciating Beguiling (Sif Muna gifted it to you in the Dungeon)
  5894 | D        | Learned a level 4 spell: Sticky Flame
  6320 | D        | Noticed a fire giant
  6321 | D        | Noticed a deep elf sorcerer
  6321 | D        | Noticed an ice devil
  6321 | D        | Noticed a guardian serpent
  6322 | D        | Noticed a naga
  6322 | D        | Noticed a death cob
  6323 | D        | Killed a fire giant
  6327 | D        | Killed a death cob
  6329 | D        | Noticed a minotaur
  6333 | D        | Killed a minotaur
  6337 | D        | Noticed a sixfirhy
  6341 | D        | Noticed a salamander
  6341 | D        | Noticed a cacodemon
  6351 | D        | Killed a deep elf sorcerer
  6353 | D        | Killed a naga
  6354 | D        | Noticed Maud
  6360 | D        | Noticed an ogre
  6361 | D        | Noticed a naga
  6364 | D        | Noticed a naga mage
  6373 | D        | Killed a naga mage
  6373 | D        | Reached skill level 27 in Dodging
  6375 | D        | Killed a naga
  6378 | D        | Noticed a hell hound
  6378 | D        | Noticed a hell hound
  6378 | D        | Noticed a deep dwarf death knight
  6382 | D        | Noticed a hell hound
  6382 | D        | Killed a guardian serpent
  6386 | D        | Killed a deep dwarf death knight
  6386 | D        | Killed by mirror damage

Action                   |  1- 3 |  4- 6 |  7- 9 | 10-12 | 13-15 || total
-------------------------+-------+-------+-------+-------+-------++-------
Melee: Dagger            |     8 |    17 |    44 |    57 |    36 ||   162
       Cutlass           |       |       |       |    82 |    62 ||   144
 Cast: Ensorcelled Hiber |     1 |     4 |    12 |    16 |     9 ||    42
       Confuse           |       |     7 |    14 |    34 |    14 ||    69
       Sure Blade        |       |     1 |     5 |     8 |       ||    14
       Invisibility      |       |       |     3 |     8 |     5 ||    16
       Mass Confusion    |       |       |       |     6 |     4 ||    10
       Enslavement       |       |       |       |     1 |       ||     1
       Fireball          |       |       |       |    17 |    16 ||    33
       Magic Dart        |       |       |       |     5 |     7 ||    12
       Iskenderun's Batt |       |       |       |     5 |     3 ||     8
       Sticky Flame      |       |       |       |       |     6 ||     6
Invok: Forget Spell      |       |       |       |     3 |       ||     3
  Use: Scroll            |       |       |       |     4 |     1 ||     5
       Potion            |       |       |       |     3 |     5 ||     8
 Stab: Sleeping          |     6 |     7 |    20 |    38 |    23 ||    94
       Confused          |       |     2 |     6 |    15 |     6 ||    29
       Invisible         |       |       |     1 |    11 |    12 ||    24
